 Dungeon Crawl Stone Soup version 0.25-a0-289-g406d6369f5 (webtiles) character file.

Game seed: 15587352936464971058, levelgen mode: deterministic

31983 MoonlitKnight the Thaumaturge (level 13, 0/101 HPs)
             Began as a Gnoll Skald on Dec 13, 2019.
             Was the Champion of Okawaru.
             Slain by a spiny frog (11 damage)
             ... on level 6 of the Lair of Beasts.
             The game lasted 01:11:36 (20594 turns).

MoonlitKnight the Thaumaturge (Gnoll Skald)        Turns: 20594, Time: 01:11:36

Health: 0/101      AC: 25    Str: 17    XL:     13   Next: 61%
Magic:  11/26      EV: 12    Int: 18    God:    Okawaru [******]
Gold:   934        SH:  0    Dex: 14    Spells: 15/31 levels left

rFire    . . .     SeeInvis .   a - +3 halberd (vamp)
rCold    . . .     Gourm    .   (shield currently unavailable)
rNeg     . . .     Faith    +   u - +0 storm dragon scales
rPois    .         Spirit   .   A - +0 helmet
rElec    +         Reflect  .   O - +1 cloak {MR+}
rCorr    .         Harm     .   P - +0 pair of gloves
MR       +....                  D - +0 pair of boots
Stlth    +.........             E - amulet of faith
HPRegen  1.26/turn              L - ring of wizardry
MPRegen  0.20/turn              y - +5 ring of protection

@: finesse, regenerating (expiring)
A: distributed training, fangs 1, strong nose
a: Heroism, Finesse, Renounce Religion


You were on level 6 of the Lair of Beasts.
You worshipped Okawaru.
Okawaru was exalted by your worship.
You were not hungry.

You visited 3 branches of the dungeon, and saw 17 of its levels.
You also visited: Sewer.

You collected 964 gold pieces.
You spent 30 gold pieces at shops.

Inventory:

Hand Weapons
 a - a +3 vampiric halberd (weapon)
 b - a +2 longbow of freezing
 K - a +6 battleaxe of flaming
Missiles
 H - 14 poisoned darts (quivered)
 V - 89 arrows
Armour
 u - +0 storm dragon scales (worn)
 A - a +0 helmet (worn)
 D - a +0 pair of boots (worn)
 O - a +1 cloak of magic resistance (worn)
 P - a +0 pair of gloves (worn)
Jewellery
 p - an uncursed ring of see invisible
 y - a +5 ring of protection (right hand)
 E - an amulet of faith (around neck)
 L - a ring of wizardry (left hand)
Wands
 i - a wand of random effects (9)
 v - a wand of acid (7)
 x - a wand of disintegration (16)
 G - a wand of paralysis (16)
 Q - a wand of enslavement (18)
 W - a wand of digging (3)
 X - a wand of flame (25)
Scrolls
 c - 2 scrolls of enchant weapon
 j - 2 scrolls of brand weapon
 k - 3 scrolls of immolation {unknown}
 l - 2 scrolls of remove curse
 o - 10 scrolls of teleportation
 q - 4 scrolls of magic mapping
 r - a scroll of acquirement {unknown}
 s - 3 scrolls of enchant armour
 t - 2 scrolls of fog
 B - a scroll of fear {unknown}
 Y - a scroll of amnesia
 Z - 2 scrolls of holy word {unknown}
Potions
 f - 6 potions of haste
 n - 4 potions of might
 w - a potion of berserk rage {unknown}
 z - a potion of agility
 C - a potion of curing
 F - 2 potions of heal wounds
 I - 2 potions of flight
 J - a potion of ambrosia {unknown}
 M - 4 potions of lignification
 N - 2 potions of invisibility
 R - 3 potions of cancellation
 S - 2 potions of magic
 U - 3 potions of brilliance
Miscellaneous
 e - a fan of gales
Comestibles
 d - 30 rations
 g - 5 chunks of flesh


   Skills:
 + Level 9.5 Fighting
 + Level 8.3 Short Blades
 + Level 8.3 Long Blades
 + Level 8.3 Axes
 + Level 8.3 Maces & Flails
 + Level 9.5 Polearms
 + Level 8.3 Staves
 + Level 8.3 Slings
 + Level 8.3 Bows
 + Level 8.3 Crossbows
 + Level 8.3 Throwing
 + Level 8.7 Armour
 + Level 9.5 Dodging
 + Level 8.3 Stealth
 + Level 8.3 Shields
 + Level 8.3 Unarmed Combat
 + Level 9.7 Spellcasting
 + Level 6.9 Conjurations
 + Level 6.9 Hexes
 + Level 8.9 Charms
 + Level 6.9 Summonings
 + Level 6.9 Necromancy
 + Level 6.9 Translocations
 + Level 6.9 Transmutations
 + Level 6.9 Fire Magic
 + Level 6.9 Ice Magic
 + Level 6.9 Air Magic
 + Level 6.9 Earth Magic
 + Level 6.9 Poison Magic
 + Level 9.1 Invocations
 + Level 8.3 Evocations


You had 15 spell levels left.
You knew the following spells:

 Your Spells              Type           Power        Failure   Level  Hunger
b - Shroud of Golubria    Chrm/Tloc      #####.       1%          2    None
c - Spectral Weapon       Hex/Chrm       #####...     4%          3    None
d - Regeneration          Chrm/Necr      #####.....   4%          3    None
e - Song of Slaying       Chrm           #####...     1%          2    None
f - Tukima's Dance        Hex            ####....     6%          3    None
g - Confuse               Hex            ####....     6%          3    None

Your spell library contained the following spells:

 Spells                   Type           Power        Failure   Level  Hunger
 Animate Skeleton         Necr           N/A          1%          1    None
 Apportation              Tloc           ####..       1%          1    None
 Confusing Touch          Hex            ####..       1%          1    None
 Corona                   Hex            ####...      1%          1    None
 Infusion                 Chrm           ####         1%          1    None
 Magic Dart               Conj           ####         1%          1    None
 Summon Small Mammal      Summ           ####         1%          1    None
 Blink                    Tloc           N/A          3%          2    None
 Call Imp                 Summ           ####....     3%          2    None
 Ensorcelled Hibernation  Hex/Ice        ####..       3%          2    None
 Poisonous Vapours        Pois/Air       ####..       3%          2    None
 Slow                     Hex            ####....     3%          2    None
 Conjure Flame            Conj/Fire      ####....     6%          3    None
 Dazzling Flash           Conj/Hex       ####..       6%          3    None
 Mephitic Cloud           Conj/Pois/Air  ####....     6%          3    None
 Iskenderun's Battlesphe  Conj/Chrm      #####...     32%         5    #####..
 Bolt of Magma            Conj/Fire/Erth ####......   45%         5    #####..
 Freezing Cloud           Conj/Ice/Air   ####......   95%         6    ######.
 Iron Shot                Conj/Erth      ####......   95%         6    ######.
 Orb of Destruction       Conj           ####......   100%        7    #######
 Ring of Flames           Chrm/Fire      #####.....   100%        7    #######
 Spellforged Servitor     Conj/Summ      ####......   100%        7    #######


Dungeon Overview and Level Annotations

Branches:
Dungeon (10/15)            Temple (1/1) D:7            Lair (6/6) D:10
 Shoals (0/4) Lair:2       Spider (0/4) Lair:4          Orc (0/2) D:10
  Sewer (visited)
  Slime: Lair:5-6

Altars:
Ashenzari
Cheibriados
Dithmenos
Fedhas
Kikubaaqudgha
Okawaru
Qazlal
Sif Muna
Uskayaw
Vehumet
Wu Jian
Xom
Yredelemnul
Zin
The Shining One

Shops:
D:8 !

Portals:
Trove: D:10 (give +4 demon whip)

Annotations:
Lair:2 2 runed translucent doors, Kenorope's ghost, journeyman DEFE


Innate Abilities, Weirdness & Mutations

Your experience applies equally to all skills.
You have very sharp teeth.
Your uncanny sense of smell can sniff out nearby items.


Message History

You kill the dream sheep!
Okawaru accepts your kill. The spiny frog stings you!
* * * LOW HITPOINT WARNING * * *
The jelly closely misses you. The dream sheep barely misses you.
The jelly barely misses you.
You see here a dream sheep corpse.
You hit the dream sheep.
You bite the dream sheep, but do no damage.
The dream sheep is heavily wounded.
Your spectral weapon hits the dream sheep from afar!!
You kill the dream sheep!
Okawaru accepts your kill.
The spiny frog stings you but does no damage.
You slash the jelly!
You kill the jelly!
Okawaru accepts your kill.
Your skin is crawling a little less now.
The spiny frog stings you!
You die...

..........#
..........#
..........#
#.......P#
#.......##
#P.......## ..#
##....†.#.#
...####.....@(.##
.....##......F†..#
#.P....#.......###
####P..............#
.##...............##
..................P#
..........#..#....##
.##......###†###.##
.###.....##†.†#.###


You could see a spiny frog and a friendly spectral +3 vampiric halberd.

Vanquished Creatures
  A vault guard (D:10)
  2 hydras
  4 two-headed ogres
  4 death yaks
  A lindwurm (Lair:5)
  Pikel (D:7)
  An ugly thing (D:9)
  2 black mambas
  Psyche (D:10)
  10 spiny frogs
  2 rime drakes (Lair:4)
  4 komodo dragons
  4 jumping spiders (Lair:4)
  5 polar bears
  8 blink frogs
  7 dream sheep (Lair:6)
  8 hippogriffs
  8 redbacks (Lair:4)
  2 basilisks
  11 yaks
  A steam dragon (D:9)
  A hungry ghost (D:9)
  2 wargs (Lair:1)
  6 porcupines
  16 water moccasins
  Duvessa (D:4)
  5 orc warriors
  2 black bears
  An eye of draining (D:9)
  3 ice beasts
  A sky beast (D:9)
  3 ogres
  A centaur (D:10)
  10 crocodiles
  10 wolves
  A big kobold (D:6)
  9 bullfrogs
  A wyvern skeleton (D:8)
  A scorpion (D:8)
  Dowan (D:4)
  5 killer bees (D:8)
  5 wights (D:7)
  11 electric eels
  A howler monkey (D:4)
  3 crimson imps
  2 bullfrog zombies
  5 hounds
  4 quasits
  5 jellies
  5 orc priests
  A centaur skeleton (D:8)
  2 bullfrog skeletons
  2 iguanas
  8 worker ants
  7 orc wizards
  7 hell rats (Lair:6)
  A howler monkey zombie (D:10)
  Robin (D:3)
  A worker ant zombie (D:7)
  14 gnolls
  11 adders
  3 shadow imps
  2 oozes (Lair:6)
  3 adder skeletons
  2 worms
  A dart slug (D:3)
  A leopard gecko (D:1)
  45 orcs
  6 ball pythons
  12 giant cockroaches
  17 goblins
  10 hobgoblins
  12 jackals
  3 quokkas
  10 bats
  5 frilled lizards
  12 kobolds
  A leopard gecko skeleton (D:4)
  A leopard gecko zombie (D:7)
  7 rats
  4 plants
420 creatures vanquished.

Vanquished Creatures (others)
  2 death yaks (Lair:6)
  A bush (Lair:6)
  7 fungi
  14 plants
  3 spectral weapons
27 creatures vanquished.

Grand Total: 447 creatures vanquished

Notes
Turn   | Place    | Note
-------+----------+-------------------------------------------
     0 | D:1      | MoonlitKnight the Gnoll Skald began the quest for the Orb.
     0 | D:1      | Reached XP level 1. HP: 20/20 MP: 6/6
   201 | D:1      | Reached XP level 2. HP: 26/26 MP: 7/7
   208 | D:1      | Learned a level 2 spell: Shroud of Golubria
   685 | D:2      | Reached skill level 5 in Spellcasting
   685 | D:2      | Reached XP level 3. HP: 22/31 MP: 7/9
   779 | D:2      | Learned a level 3 spell: Spectral Weapon
  1136 | D:2      | Reached skill level 1 in Invocations
  1292 | D:2      | Reached skill level 1 in Short Blades
  1292 | D:2      | Reached skill level 1 in Long Blades
  1292 | D:2      | Reached skill level 1 in Axes
  1292 | D:2      | Reached skill level 1 in Maces & Flails
  1292 | D:2      | Reached skill level 1 in Staves
  1292 | D:2      | Reached skill level 1 in Slings
  1292 | D:2      | Reached skill level 1 in Bows
  1292 | D:2      | Reached skill level 1 in Crossbows
  1292 | D:2      | Reached skill level 1 in Throwing
  1292 | D:2      | Reached skill level 1 in Stealth
  1292 | D:2      | Reached skill level 1 in Shields
  1292 | D:2      | Reached skill level 1 in Unarmed Combat
  1292 | D:2      | Reached skill level 1 in Evocations
  1445 | D:2      | Reached XP level 4. HP: 30/38 MP: 11/11
  1534 | D:2      | Learned a level 3 spell: Regeneration
  1537 | D:2      | Learned a level 2 spell: Song of Slaying
  2016 | D:3      | Reached skill level 1 in Conjurations
  2016 | D:3      | Reached skill level 1 in Hexes
  2016 | D:3      | Reached skill level 1 in Summonings
  2016 | D:3      | Reached skill level 1 in Necromancy
  2016 | D:3      | Reached skill level 1 in Translocations
  2016 | D:3      | Reached skill level 1 in Transmutations
  2016 | D:3      | Reached skill level 1 in Fire Magic
  2016 | D:3      | Reached skill level 1 in Ice Magic
  2016 | D:3      | Reached skill level 1 in Air Magic
  2016 | D:3      | Reached skill level 1 in Earth Magic
  2016 | D:3      | Reached skill level 1 in Poison Magic
  2167 | D:3      | Noticed Robin
  2178 | D:3      | Reached XP level 5. HP: 21/43 MP: 9/12
  2185 | D:3      | Killed Robin
  3361 | D:4      | Noticed Dowan
  3362 | D:4      | Noticed Duvessa
  3374 | D:4      | Killed Dowan
  3374 | D:4      | Reached XP level 6. HP: 14/50 MP: 5/13
  3376 | D:4      | Killed Duvessa
  3376 | D:4      | Reached skill level 5 in Fighting
  3376 | D:4      | Reached skill level 5 in Polearms
  3376 | D:4      | Reached skill level 5 in Dodging
  3822 | D:5      | Entered Level 5 of the Dungeon
  3995 | D:5      | Reached XP level 7. HP: 50/56 MP: 15/15
  5014 | D:6      | Found a glowing drain.
  5042 | Sewer    | Entered a sewer
  5673 | D:6      | Reached XP level 8. HP: 44/63 MP: 16/16
  6615 | D:7      | Found a staircase to the Ecumenical Temple.
  6622 | D:7      | Reached XP level 9. HP: 60/69 MP: 14/18
  6647 | Temple   | Entered the Ecumenical Temple
  6682 | Temple   | Became a worshipper of Warmaster Okawaru
  6960 | D:7      | Learned a level 3 spell: Tukima's Dance
  6964 | D:7      | Learned a level 3 spell: Confuse
  7206 | D:7      | Noticed Pikel
  7225 | D:7      | Killed Pikel
  7225 | D:7      | Reached * piety under Okawaru
  7225 | D:7      | Reached skill level 5 in Armour
  7809 | D:8      | Noticed a two-headed ogre
  7818 | D:8      | Killed a two-headed ogre
  7818 | D:8      | Reached ** piety under Okawaru
  7818 | D:8      | Reached *** piety under Okawaru
  7818 | D:8      | Reached skill level 5 in Invocations
  7818 | D:8      | Reached XP level 10. HP: 71/77 MP: 16/20
  8165 | D:8      | Reached skill level 5 in Short Blades
  8165 | D:8      | Reached skill level 5 in Long Blades
  8165 | D:8      | Reached skill level 5 in Axes
  8165 | D:8      | Reached skill level 5 in Maces & Flails
  8165 | D:8      | Reached skill level 5 in Staves
  8165 | D:8      | Reached skill level 5 in Slings
  8165 | D:8      | Reached skill level 5 in Bows
  8165 | D:8      | Reached skill level 5 in Crossbows
  8165 | D:8      | Reached skill level 5 in Throwing
  8165 | D:8      | Reached skill level 5 in Stealth
  8165 | D:8      | Reached skill level 5 in Shields
  8165 | D:8      | Reached skill level 5 in Unarmed Combat
  8165 | D:8      | Reached skill level 5 in Evocations
  8617 | D:8      | Reached **** piety under Okawaru
  8628 | D:8      | Found Nenil's Distillery.
  8636 | D:8      | Bought a potion of curing for 30 gold pieces
  8698 | D:8      | Found an ornate altar of the Wu Jian Council.
  8881 | D:8      | Found a radiant altar of Vehumet.
  8882 | D:8      | Found an ancient bone altar of Kikubaaqudgha.
  8882 | D:8      | Found a hide-covered altar of Uskayaw.
  9181 | D:9      | Received a gift from Okawaru
  9400 | D:9      | Noticed a two-headed ogre
  9410 | D:9      | Killed a two-headed ogre
  9476 | D:9      | Reached ***** piety under Okawaru
  9707 | D:9      | Noticed a purple ugly thing
  9722 | D:9      | Killed a purple ugly thing
  9722 | D:9      | Reached XP level 11. HP: 57/84 MP: 22/22
 10227 | D:10     | Entered Level 10 of the Dungeon
 10291 | D:10     | Noticed Psyche
 10304 | D:10     | Killed Psyche
 10304 | D:10     | Received a gift from Okawaru
 10633 | D:10     | Found a staircase to the Orcish Mines.
 10669 | D:10     | Got an iridescent hunting sling
 10669 | D:10     | Identified the +7 hunting sling of Jyem Wio {freeze, Int+4
                  | Dex-3 Stlth+} (You found it on level 10 of the Dungeon)
 10674 | D:10     | Noticed a two-headed ogre
 10685 | D:10     | Killed a two-headed ogre
 10685 | D:10     | Reached skill level 5 in Conjurations
 10685 | D:10     | Reached skill level 5 in Hexes
 10685 | D:10     | Reached skill level 5 in Summonings
 10685 | D:10     | Reached skill level 5 in Necromancy
 10685 | D:10     | Reached skill level 5 in Translocations
 10685 | D:10     | Reached skill level 5 in Transmutations
 10685 | D:10     | Reached skill level 5 in Fire Magic
 10685 | D:10     | Reached skill level 5 in Ice Magic
 10685 | D:10     | Reached skill level 5 in Air Magic
 10685 | D:10     | Reached skill level 5 in Earth Magic
 10685 | D:10     | Reached skill level 5 in Poison Magic
 10829 | D:10     | Noticed a two-headed ogre
 10841 | D:10     | Killed a two-headed ogre
 11172 | D:10     | Found a staircase to the Lair.
 11311 | D:10     | Noticed a vault guard
 11333 | D:10     | Killed a vault guard
 11486 | D:10     | Found a portal to a secret trove of treasure.
 11633 | Lair:1   | Entered Level 1 of the Lair of Beasts
 11754 | Lair:1   | Received a gift from Okawaru
 11916 | Lair:1   | HP: 2/86 [spiny frog (11)]
 12463 | Lair:1   | Noticed a six-headed hydra
 13027 | Lair:1   | Killed a nine-headed hydra
 13027 | Lair:1   | Reached XP level 12. HP: 21/93 MP: 18/24
 14210 | Lair:2   | Found a large runed translucent door.
 14214 | Lair:2   | Found a large runed translucent door.
 14217 | Lair:2   | Noticed Kenorope's ghost (journeyman DEFE)
 14484 | Lair:2   | Found a staircase to the Shoals.
 15289 | Lair:3   | Received a gift from Okawaru
 15424 | Lair:3   | Reached ****** piety under Okawaru
 15424 | Lair:3   | Received a gift from Okawaru
 16742 | Lair:4   | Received a gift from Okawaru
 17446 | Lair:4   | Noticed a death yak
 17451 | Lair:4   | Noticed a death yak
 17465 | Lair:4   | Killed a death yak
 17469 | Lair:4   | Killed a death yak
 17469 | Lair:4   | Received a gift from Okawaru
 17469 | Lair:4   | Reached XP level 13. HP: 78/101 MP: 22/26
 18006 | Lair:4   | Found a hole to the Spider Nest.
 20286 | Lair:6   | Entered Level 6 of the Lair of Beasts
 20557 | Lair:6   | Received a gift from Okawaru
 20576 | Lair:6   | Received a gift from Okawaru
 20594 | Lair:6   | Slain by a spiny frog

Levels and vault maps discovered:
D:1:      dpeg_arrival_prison, layout_rooms, wad_floor_pattern_untrapped
D:2:      layout_loops_corners, first_ration
D:3:      layout_basic, uniq_robin
D:4:      layout_basic, uniq_duvessa
D:5:      corexii_shack_village, layout_gridville
D:6:      layout_cave_pods, portal_sewer_entry_a, nicolae_lava_and_water
D:7:      layout_loops_cross, minmay_temple_entry_crystal_x, minivault_4,
          minmay_misc_feat_chi, uniq_pikel
D:8:      layout_basic, gammafunk_temple_overflow_claw,
          nicolae_overflow_crystal_walls, serial_shops, shop
D:9:      layout_loops_corners
D:10:     layout_basic, lair_entry_dummy, david_orc_3, enter_trove_5,
          uniq_psyche
Temple:   regret_index_temple_mists
Lair:1:   beast_lair_carwin_large_1, layout_regular_city
Lair:2:   layout_chaotic_city, shoals_dummy_entry, serial_bayou,
          serial_bayou_shore_b, serial_bayou_pond_a, serial_bayou_pond_e,
          serial_bayou_pond_e, serial_bayou_lagoon_a, serial_bayou_lake_a,
          nicolae_volcano_entry_two_sided, ebering_ghost_disaster_area
Lair:3:   layout_layer_cave
Lair:4:   layout_roguey, nicolae_spider_entry_tight_spaces,
          hangedman_lair_unloving_vines, beast_lair_carwin_5,
          infiniplex_staircase_pool_2
Lair:5:   layout_regular_city, nicolae_quartered_pool_medium,
          serial_bayou_shore_a
Lair:6:   grunt_lair_end_beastmaster, layout_small_grid,
          nicolae_slime_entry_slimehenge, grunt_megastairs_3, uniq_snorg

Skill      XL: |  1  2  3  4  5  6  7  8  9 10 11 12 13 |
---------------+----------------------------------------+-----
Spellcasting   | 5 6 7 8 9 |  9.7
Invocations    | 1 2 3 4 5 6 7 8 9 |  9.1
Short Blades   | 1 2 3 4 5 6 7 8 |  8.3
Long Blades    | 1 2 3 4 5 6 7 8 |  8.3
Axes           | 1 2 3 4 5 6 7 8 |  8.3
Maces & Flails | 1 2 3 4 5 6 7 8 |  8.3
Staves         | 1 2 3 4 5 6 7 8 |  8.3
Slings         | 1 2 3 4 5 6 7 8 |  8.3
Bows           | 1 2 3 4 5 6 7 8 |  8.3
Crossbows      | 1 2 3 4 5 6 7 8 |  8.3
Throwing       | 1 2 3 4 5 6 7 8 |  8.3
Stealth        | 1 2 3 4 5 6 7 8 |  8.3
Shields        | 1 2 3 4 5 6 7 8 |  8.3
Unarmed Combat | 1 2 3 4 5 6 7 8 |  8.3
Evocations     | 1 2 3 4 5 6 7 8 |  8.3
Conjurations   | 1 2 3 4 5 6 |  6.9
Hexes          | 1 2 3 4 5 6 |  6.9
Summonings     | 1 2 3 4 5 6 |  6.9
Necromancy     | 1 2 3 4 5 6 |  6.9
Translocations | 1 2 3 4 5 6 |  6.9
Transmutations | 1 2 3 4 5 6 |  6.9
Fire Magic     | 1 2 3 4 5 6 |  6.9
Ice Magic      | 1 2 3 4 5 6 |  6.9
Air Magic      | 1 2 3 4 5 6 |  6.9
Earth Magic    | 1 2 3 4 5 6 |  6.9
Poison Magic   | 1 2 3 4 5 6 |  6.9
Armour         | 3 4 5 6 7 8 |  8.7
Fighting       | 5 6 7 8 9 |  9.5
Polearms       | 5 6 7 8 9 |  9.5
Dodging        | 5 6 7 8 9 |  9.5
Charms         | 6 7 8 |  8.9

Action                   |  1- 3 |  4- 6 |  7- 9 | 10-12 | 13-15 || total
-------------------------+-------+-------+-------+-------+-------++-------
Melee: Spear             |    22 |       |       |       |       ||    22
       Hand axe          |    68 |   152 |   123 |       |       ||   343
       Bite              |     5 |    17 |    39 |    50 |    30 ||   141
       Quarterstaff      |       |       |    35 |       |       ||    35
       Halberd           |       |       |   163 |   584 |   222 ||   969
       Battleaxe         |       |       |       |       |     6 ||     6
 Fire: Hunting sling     |       |       |       |   147 |       ||   147
       Longbow           |       |       |       |       |    26 ||    26
Throw: Dart              |       |       |     3 |    15 |       ||    18
 Cast: Shroud of Golubri |       |     2 |     1 |    11 |     3 ||    17
       Infusion          |       |     1 |     1 |       |       ||     2
       Spectral Weapon   |       |       |     8 |    22 |     9 ||    39
       Confuse           |       |       |       |     5 |       ||     5
       Regeneration      |       |       |       |     2 |     1 ||     3
       Tukima's Dance    |       |       |       |     2 |       ||     2
Invok: Heroism           |       |       |       |     1 |     1 ||     2
       Finesse           |       |       |       |     2 |     2 ||     4
  Use: Scroll            |       |     7 |       |    15 |     2 ||    24
       Potion            |       |       |       |     9 |       ||     9
 Stab: Sleeping          |     2 |     3 |     5 |     7 |     2 ||    19
       Distracted        |       |       |       |     3 |       ||     3
  Eat: Chunk             |     2 |     5 |    13 |    22 |     3 ||    45
       Ration            |       |     1 |       |     4 |     2 ||     7
Armor: Leather armour    |    21 |    41 |   119 |       |       ||   181
       Ring mail         |       |       |    21 |   306 |     5 ||   332
       Storm dragon scal |       |       |       |       |   164 ||   164
       Skin              |       |       |       |       |     2 ||     2
Dodge: Dodged            |    65 |    89 |   260 |   516 |   181 ||  1111
Block: Shield            |       |    51 |       |       |       ||    51

Table legend:
 A = Non-vault XP
 B = Vault XP
 C = Vault XP percentage of total XP
 D = Non-vault monster count
 E = Vault monster count
 F = Vault count percentage of total count
                 A         B        C        D         E       F
            +---------+---------+-------+---------+---------+-------
      Total |   35557 |   10134 |  22.2 |     329 |      87 |  20.9
            +---------+---------+-------+---------+---------+-------
        D:1 |      25 |       0 |   0.0 |      16 |       0 |   0.0
        D:2 |      73 |       0 |   0.0 |      22 |       0 |   0.0
        D:3 |      63 |      39 |  38.2 |      22 |      13 |  37.1
        D:4 |     113 |     211 |  65.1 |       7 |       2 |  22.2
        D:5 |     209 |      19 |   8.3 |      13 |       9 |  40.9
        D:6 |    1095 |       1 |   0.1 |      33 |       1 |   2.9
        D:7 |    1417 |     571 |  28.7 |      29 |       1 |   3.3
        D:8 |    2326 |       0 |   0.0 |      42 |       0 |   0.0
        D:9 |    2992 |       0 |   0.0 |      19 |       0 |   0.0
       D:10 |    2612 |    1694 |  39.3 |      17 |      11 |  39.3
     Lair:1 |    4175 |    1111 |  21.0 |      16 |      10 |  38.5
     Lair:2 |    2852 |       0 |   0.0 |      17 |       0 |   0.0
     Lair:3 |    3962 |       0 |   0.0 |      17 |       0 |   0.0
     Lair:4 |    4534 |    5823 |  56.2 |      18 |      18 |  50.0
     Lair:5 |    1854 |       0 |   0.0 |      11 |       0 |   0.0
     Lair:6 |    7255 |     541 |   6.9 |      30 |       7 |  18.9
      Sewer |       0 |     124 | 100.0 |       0 |      15 | 100.0
            +---------+---------+-------+---------+---------+-------
